 Dungeon Crawl Stone Soup version 0.27.0-1-g7a089689b8 (webtiles) character file.

Game seed: 5286385553006418014

256 Acheron the Ruffian (level 5, 0/48 HPs)
             Began as a Troll Hedge Wizard on Aug 1, 2021.
             Was a Believer of Okawaru.
             Slain by an ice beast (11 damage)
             ... on level 5 of the Dungeon.
             The game lasted 00:15:14 (2642 turns).

Acheron the Ruffian (Troll Hedge Wizard)            Turns: 2642, Time: 00:15:21

Health: 0/48       AC:  4    Str: 18    XL:     5   Next: 92%
Magic:  7/7        EV: 10    Int: 10    God:    Okawaru [**....]
Gold:   231        SH:  0    Dex: 10    Spells: 3/8 levels left

rFire    . . .     SeeInvis .     - Unarmed
rCold    . . .     Faith    .   (no shield)
rNeg     . . .     Spirit   .   b - +0 robe
rPois    .         Reflect  .   c - +0 hat
rElec    .         Harm     .   (no cloak)
rCorr    .         Rampage  .   (gloves unavailable)
Will     .....                  (boots unavailable)
Stlth    ++........             (no amulet)
HPRegen  1.16/turn              (no ring)
MPRegen  0.10/turn              (no ring)

@: no status effects
A: large, unfitting armour, claws 3, regeneration 1, shaggy fur 1, tough skin 1
a: Renounce Religion, Heroism


You were on level 5 of the Dungeon.
You worshipped Okawaru.
Okawaru was pleased with you.
You visited 1 branch of the dungeon, and saw 6 of its levels.

You collected 231 gold pieces.

Inventory:

Hand Weapons
 a - a +0 dagger
 e - a +0 short sword
 m - a +1 dagger of protection
Missiles
 l - 33 sling bullets
 p - 5 poisoned darts (quivered)
Armour
 b - a +0 robe (worn)
 c - a +0 hat (worn)
Potions
 d - a potion of might
 f - 2 potions of magic
 g - a potion of cancellation {unknown}
 h - a potion of brilliance {unknown}
 i - 3 potions of flight
 j - a potion of resistance {unknown}
 k - 2 potions of attraction
 s - a potion of degeneration {unknown}
 t - a potion of haste {unknown}
 u - a potion of heal wounds {unknown}


   Skills:
 * Level 1.0 Fighting
 * Level 2.1 Dodging
 * Level 1.6 Stealth
 * Level 2.9 Unarmed Combat
 + Level 2.2 Spellcasting
 * Level 1.8 Conjurations
 * Level 1.2 Summonings
 * Level 1.4 Translocations


You had 3 spell levels left.
You knew the following spells:

 Your Spells              Type           Power      Damage    Failure   Level
a - Magic Dart            Conj           16%        1d3       14%         1
b - Blink                 Tloc           N/A        N/A       26%         2
c - Call Imp              Summ           3%         N/A       28%         2

Your spell library contained the following spells:

 Spells                   Type           Power      Damage    Failure   Level
 Slow                     Hex            1%         N/A       43%         2
 Conjure Flame            Conj/Fire      2%         6-21      54%         3
 Mephitic Cloud           Conj/Pois/Air  2%         N/A       58%         3
 Ignite Poison            Fire/Tmut/Pois 1%         N/A       67%         3
 Sticky Flame             Conj/Fire      2%         2d3       91%         4


Dungeon Overview and Level Annotations

Branches:
Dungeon (6/15)
 Temple: D:4-7

Altars:
Okawaru
Ru

Shops:
D:5 [

Annotations:
D:1 exclusion: downstairs
D:3 exclusion: 2 downstairs


Innate Abilities, Weirdness & Mutations

You are too large for most types of armour.
You have claws for hands.
Your natural rate of healing is unusually fast.
You are covered in fur. (AC +1)
You have tough skin. (AC +1)


Message History

As you read the scroll of identify, it crumbles to dust.
d - a potion of might
As you read the scroll labelled BARIRE XONEOWO, it crumbles to dust.
You feel strangely unstable.
It was a scroll of teleportation.
As you read the scroll labelled DUYSEO OT NIWI, it crumbles to dust.
Wisps of shadow whirl around you...
It was a scroll of summoning.
Your surroundings suddenly seem different.
An ice beast comes into view.
The ice beast barely misses you.
You barely miss the ice beast. The ice beast barely misses you.
You claw the ice beast!
The ice beast is heavily wounded.
The ice beast hits you. The ice beast freezes you!
You barely miss the ice beast.
The ice beast is heavily wounded.
The ice beast closely misses you.
You claw the ice beast!
The ice beast is severely wounded.
The ice beast hits you. The ice beast freezes you.
You closely miss the ice beast.
The ice beast is severely wounded.
The ice beast hits you but does no damage.
You closely miss the ice beast.
The ice beast is severely wounded.
Your ogre dissolves into shadows!
The ice beast hits you. The ice beast freezes you!
You barely miss the ice beast.
The ice beast is severely wounded.
Your quokka dissolves into shadows!
You scratch the ice beast.
The ice beast is almost dead.
The ice beast hits you. The ice beast freezes you!
* * * LOW HITPOINT WARNING * * *
You completely miss the ice beast.
The ice beast is almost dead.
Your bullfrog skeleton dissolves into shadows!
The ice beast hits you.
* * * LOW HITPOINT WARNING * * *
The ice beast freezes you!
You die...

..........#
........#.#
############.#.#
#.....#Z...#.#.#
#.###.#l##.#.#.#
#.# #.#Or..#.#>#
#.# #.#.#..#.#.#
#Y# #.#.#..#.#.#
#@# #.#.####.#.#
#.# #Y#<.....#.#
#.###.########.# #
#......O.......# #
#.###.#######.####
###.##.....#
#..#8.
...........#
##.#..
...........# #8...
...........#
##....


You could see an ice beast.

Vanquished Creatures
  The ghost of FIQ the Magician, a weakling DjFE (D:3)
  2 hounds
  An iguana (D:4)
  2 gnolls
  4 adders
  An ufetubus (D:5)
  2 worms
  3 dart slugs
  3 orcs (D:3)
  5 endoplasms
  A giant cockroach (D:1)
  12 goblins
  5 hobgoblins
  2 quokkas (D:2)
  5 ball pythons
  2 bats
  4 frilled lizards
  8 kobolds
  A rat (D:1)
64 creatures vanquished.

Notes
Turn   | Place    | Note
-------+----------+-------------------------------------------
     0 | D:1      | Acheron the Troll Hedge Wizard began the quest for the Orb.
     0 | D:1      | Reached XP level 1. HP: 16/16 MP: 2/2
   180 | D:1      | Found a faded altar of an unknown god.
   183 | D:1      | Became a worshipper of Warmaster Okawaru
   183 | D:1      | Reached * piety under Okawaru
   442 | D:1      | Reached XP level 2. HP: 14/24 MP: 4/4
   497 | D:1      | Learned a level 2 spell: Blink
   500 | D:1      | Learned a level 2 spell: Call Imp
   745 | D:3      | Found a runed translucent door.
   745 | D:3      | Noticed FIQ's ghost (weakling DjFE)
   847 | D:2      | Reached skill level 1 in Conjurations
  1012 | D:2      | Reached skill level 1 in Unarmed Combat
  1012 | D:2      | Reached XP level 3. HP: 19/31 MP: 5/5
  1371 | D:3      | Found a sacrificial altar of Ru.
  1480 | D:4      | Reached skill level 1 in Summonings
  1653 | D:3      | Reached XP level 4. HP: 40/40 MP: 6/6
  1956 | D:3      | Killed FIQ's ghost
  1957 | D:3      | Reached skill level 1 in Fighting
  1957 | D:3      | Reached skill level 1 in Translocations
  2152 | D:4      | Noticed a gnoll sergeant
  2206 | D:4      | Reached XP level 5. HP: 45/46 MP: 7/7
  2431 | D:5      | Entered Level 5 of the Dungeon
  2450 | D:5      | Found Gumaowk's Armour Emporium.
  2479 | D:6      | Noticed a centaur
  2498 | D:5      | Reached ** piety under Okawaru
  2600 | D:5      | Noticed an ice beast
  2642 | D:5      | Slain by an ice beast

Illustrated notes

Levels and vault maps discovered:
D:1:      matt_arrival_grand_opening, layout_basic,
          shapermc_ecumenical_altar_mp_vishouse, lemuel_another_geyser
D:2:      layout_basic
D:3:      cheibrodos_greedy_goblins, layout_rooms,
          nicolae_ru_the_path_less_chosen, hellmonk_ghost_happy_afterlife
D:4:      layout_cave_pools, zin_purify
D:5:      layout_basic, mainiacjoe_overflow_paths,
          minmay_temple_entry_sparse_star, nicolae_stop_n_shop_1
D:6:      layout_rooms, gammafunk_temple_overflow_statue

Skill      XL: |  1  2  3  4 |
---------------+-------------+-----
Conjurations   | 1 |  1.8
Unarmed Combat | 1 2 |  2.9
Summonings     | 1 |  1.2
Dodging        | 2 |  2.1
Fighting       | 1 |  1.0
Translocations | 1 |  1.4
Stealth        | |  1.6
Spellcasting   | |  2.2

Action                   |  1- 3 |  4- 6 || total
-------------------------+-------+-------++-------
Melee: Unarmed           |   129 |   107 ||   236
 Cast: Call Imp          |       |     1 ||     1
Invok: Heroism           |       |     1 ||     1
  Use: Scroll            |       |     7 ||     7
 Stab: Sleeping          |     2 |       ||     2
Armor: Robe              |    47 |    37 ||    84
Dodge: Dodged            |    51 |    53 ||   104
